[Event "Ceske Budejovice GM 2022"]
[Site "Ceske Budejovice"]
[Date "2022.07.02"]
[Round "2.4"]
[White "Stefansson, Hannes"]
[Black "Gazik, Viktor"]
[Result "1-0"]
[ECO "E16"]
[WhiteElo "2541"]
[BlackElo "2544"]
[Annotator "TA"]
[PlyCount "119"]
[EventDate "2022.07.01"]
[EventType "tourn"]
[EventCountry "CZE"]
[SourceTitle "playchess.com"]
[Source "ChessBase"]
[SourceQuality "1"]
[TimeControl "40/5400+30:1800+30"]

1. d4 Nf6 2. c4 e6 3. Nf3 Bb4+ 4. Bd2 Qe7 5. g3 Nc6 6. Nc3 d6 7. d5 {[%emt 0:19:05] E11: Bogo-Indian.} exd5 8. Nxd5 Nxd5 9. cxd5 {[%emt 0:00:10] White is slightly better.} Bg4 {[%emt 0:02:41] Hoping for ...Bxf3.} 10. Bg2 Bxf3 11. Bxf3 Bxd2+ 12. Qxd2 Ne5 13. Bg2 O-O 14. O-O {[%emt 0:02:11] [#]} a5 $146 ({Predecessor:} 14... Qd7 15. Rac1 Rac8 16. Rc3 Rfe8 17. Rfc1 a5 18. e4 Re7 19. f4 Ng4 20. Qd4 Qe8 {½-½ (42) Lehnen,P (1706)-Siger,C (1959) LSS email 2007}) 15. Rac1 b5 16. Rc3 f5 17. Rfc1 Rf7 18. Qd4 (18. Rxc7 $16 Qxc7 19. Rxc7 Rxc7 20. f4) 18... Qd8 19. Bh3 Kh8 (19... b4 $14 20. R3c2 h5) 20. b3 ({White should play} 20. f4 $1 Ng6 21. Qd3) 20... Qf6 ({Black should try} 20... h5) 21. Kf1 Qh6 22. Qh4 (22. Kg2 $1 $16) 22... Qxh4 $11 23. gxh4 Ra7 24. h5 $1 g5 25. hxg6 $1 hxg6 26. f4 Ng4 ({Much less strong is} 26... b4 27. Rg3 Nd7 28. Rxg6 $16) 27. Bxg4 fxg4 28. Ke1 (28. Kg2 $14 {is more appropriate.}) 28... Rxf4 29. Rxc7 Rxc7 30. Rxc7 {[%emt 0:00:08][%mdl 4096] Endgame KR-KR} Rd4 31. Ra7 a4 32. bxa4 bxa4 33. Kf2 Rxd5 34. Rxa4 Rh5 35. Kg2 Re5 36. Kf1 Rf5+ 37. Ke1 Rh5 38. Rxg4 Rxh2 39. Rxg6 Rh1+ $1 40. Kf2 Ra1 41. Rxd6 Rxa2 42. Rg6 Kh7 43. Rg4 Ra8 44. Kf3 Rf8+ 45. Ke4 {[%emt 0:00:00] White wants to mate with Kd4.} Re8+ $2 {[%emt 0:00:00][%mdl 8192] White now steadily converts the win.} (45... Kh6 $14) 46. Kd3 Rd8+ 47. Kc4 Kh6 48. e4 $1 Kh5 49. Rg7 Rc8+ 50. Kd5 Rd8+ 51. Ke6 Re8+ {[%emt 0:00:00] [#]} 52. Re7 $2 (52. Kf5 $1 {mates} Rf8+ 53. Ke6 Re8+ 54. Kf5 Rf8+ 55. Ke5 Re8+ 56. Kf4 Rf8+ 57. Ke3) 52... Ra8 $2 {[%emt 0:04:07][%mdl 8192] [#]} (52... Rh8 $11) 53. Kf6 $1 {[%emt 0:00:00] White mates.} Ra1 54. Rh7+ Kg4 55. Rg7+ Kf4 56. e5 Ke4 57. e6 Kd5 58. e7 Re1 59. Kf7 Rf1+ 60. Kg8 {[%emt 0:00:00] Weighted Error Value: White=0.24 (precise) /Black=0.32} 1-0

[Event "Ceske Budejovice GM 2022"]
[Site "Ceske Budejovice"]
[Date "2022.07.02"]
[Round "2.5"]
[White "Omelja, Artem"]
[Black "Kraus, Tomas"]
[Result "1/2-1/2"]
[ECO "A06"]
[WhiteElo "2478"]
[BlackElo "2488"]
[Annotator "TA"]
[PlyCount "142"]
[EventDate "2022.07.01"]
[EventType "tourn"]
[EventCountry "CZE"]
[SourceTitle "playchess.com"]
[Source "ChessBase"]
[SourceQuality "1"]
[TimeControl "40/5400+30:1800+30"]

1. Nf3 d5 2. e3 Nf6 3. c4 e6 4. b3 a6 5. Nc3 b6 6. Bb2 {[%emt 0:02:15] A13: English Opening: 1...e6.} Bb7 7. cxd5 exd5 8. d4 Nbd7 9. g3 Bd6 10. Bg2 O-O 11. O-O Qe7 12. Rc1 Ne4 13. Re1 {[%emt 0:00:10][%cal Bf1e1,Be1e2,Be2c2][%mdl 32] [#]} Nxc3 $146 ({Predecessor:} 13... Rae8 14. Ne2 a5 15. Nf4 c6 16. Nd3 f6 17. Re2 Qf7 18. Rec2 Rc8 19. Nd2 Nxd2 20. Qxd2 {1-0 (38) Malakhov,V (2668)-Xu,Y (2545) China 2019}) 14. Rxc3 Nf6 15. Rc1 Ne4 16. Re2 a5 17. a4 c6 18. Rec2 Rac8 19. Ne1 Rc7 20. Nd3 Rd8 21. Qe2 Re8 22. Re1 (22. Ne5 $5) 22... Ba6 23. Qd1 f5 24. Bf1 Bb7 25. f3 Ng5 26. Bg2 Qd8 27. Qd2 Nf7 28. Bc3 Ba6 29. Nf2 (29. Ne5 $5) 29... Bf8 30. Bf1 Bb7 31. Nd3 Qc8 32. Rcc1 Ng5 33. Bg2 Ne6 34. f4 Rd8 35. Red1 Ba3 36. Bb2 (36. Ra1 $5 Bf8 37. Ne5 $14) 36... Bf8 37. Bf3 Qa8 38. Rc2 Qc8 39. Rdc1 Qa8 40. Qg2 {[%emt 0:00:55] Hoping for g4.} c5 $2 (40... Bd6 $14) 41. dxc5 $2 (41. g4 $1 $18 fxg4 42. Qxg4 (42. Bxg4 Re8 $16)) 41... bxc5 $11 42. Ne5 Qa7 43. Kh1 Qb6 (43... Re7 $11 {remains equal.}) 44. g4 $16 {[%emt 0:00:00] White is more active.} fxg4 45. Qxg4 Be7 (45... Re8 $1 $14) 46. Rg2 $18 Bf6 {[%emt 0:01:07] [#]} 47. Nd7 Rdxd7 $11 48. Bxf6 Nd4 49. exd4 Qxf6 50. dxc5 Rf7 51. Rd2 h5 52. Qg3 ({But not} 52. Qxh5 $2 Qxf4 53. c6 Qxf3+ $19) 52... d4 53. Bxb7 Rxb7 54. c6 {[%emt 0:00:00] The position is equal.} Rbc7 55. Qf3 Qxf4 (55... Qd6 {seems wilder.} 56. f5 Qe5 57. Re2 Qxf5 58. Re8+ Kh7) 56. Qxf4 Rxf4 {[%emt 0:00:01][%mdl 4096] Endgame KRR-KRR} 57. Rc5 Kf7 58. Kg2 h4 59. Rd3 Ke6 60. Rxa5 Rxc6 61. Rg5 Rc2+ 62. Kh3 Re2 {[%emt 0:00:54] Strongly threatening ...Re3+.} 63. Rg2 Rxg2 64. Kxg2 {[%emt 0:00:07] KR-KR} Kd5 65. a5 Kc5 66. Rd1 Kb5 67. Ra1 Ka6 68. b4 g5 69. h3 d3 {[%emt 0:00:25] Threatens to win with ...d2.} 70. Rd1 Rxb4 {[%emt 0:00:38] And now ...Rd4 would win.} 71. Rxd3 g4 {[%emt 0:00:18] Weighted Error Value: White=0.18 (very precise) /Black=0.17 (very precise)} 1/2-1/2

[Event "Ceske Budejovice GM 2022"]
[Site "Ceske Budejovice"]
[Date "2022.07.03"]
[Round "3.1"]
[White "Kraus, Tomas"]
[Black "Sahidi, Samir"]
[Result "1/2-1/2"]
[ECO "E00"]
[WhiteElo "2488"]
[BlackElo "2462"]
[Annotator "TA"]
[PlyCount "72"]
[EventDate "2022.07.01"]
[EventType "tourn"]
[EventCountry "CZE"]
[SourceTitle "playchess.com"]
[Source "ChessBase"]
[SourceQuality "1"]
[TimeControl "40/5400+30:1800+30"]

1. d4 Nf6 2. c4 e6 3. Bf4 b6 4. a3 d5 5. Nc3 Bb7 6. cxd5 {[%emt 0:00:31] A50: Queen's Fianchetto Defence (1 d4 Nf6 2 c4 b6).} Nxd5 7. Nxd5 Qxd5 {[%emt 0:04:32] [#]} 8. e3 $146 ({Predecessor:} 8. Nf3 c5 9. e3 Nd7 10. Rc1 Be7 11. Bc4 Qf5 12. Bb5 O-O-O 13. Qa4 e5 14. Nxe5 Nxe5 15. Bxe5 Bf6 16. dxc5 Rd1+ 17. Rxd1 Qxe5 18. c6 {1-0 (18) Yang,K (2481)-Potkin,V (2571) Chess.com INT 2022}) 8... Bd6 {[%emt 0:03:26] [#] White must now prevent ...Bxf4.} 9. Ne2 {[%emt 0:03:01] With the idea Nc3.} ({Much weaker is} 9. Qa4+ Bc6 10. Qd1 Bxf4 11. exf4 O-O $17) 9... Bxf4 10. Nxf4 Qd6 11. Bb5+ c6 12. Be2 Nd7 13. O-O O-O 14. Rc1 Rfd8 15. b4 e5 16. dxe5 Nxe5 17. Qb3 Rac8 18. Rfd1 Qe7 19. Qa4 Ba8 20. Qa6 Qb7 (20... g6 {is more complex.} 21. Rd4 c5 22. bxc5 bxc5 23. h3 Qc7) 21. Rd4 Qxa6 22. Bxa6 Rb8 23. Rcd1 (23. Ne2 $14) 23... Rxd4 $11 24. exd4 Ng6 25. Nxg6 hxg6 {[%emt 0:00:11][%mdl 4096] Endgame KRB-KRB} 26. Be2 g5 {[%emt 0:01:40] The position is equal.} 27. Bf3 Kf8 28. Rc1 Rd8 29. Kf1 Ke7 30. Bxc6 Bxc6 31. Rxc6 Rxd4 {[%emt 0:00:10] KR-KR} 32. Rc7+ Rd7 33. Rc6 Rd3 34. Rc7+ Rd7 35. Rc6 Rd3 36. Rc7+ Rd7 {[%emt 0:00:06] Weighted Error Value: White=0.05 (flawless) /Black=0.03 (flawless)} 1/2-1/2

[Event "Ceske Budejovice GM 2022"]
[Site "Ceske Budejovice"]
[Date "2022.07.03"]
[Round "3.2"]
[White "Gazik, Viktor"]
[Black "Omelja, Artem"]
[Result "1/2-1/2"]
[ECO "C67"]
[WhiteElo "2544"]
[BlackElo "2478"]
[Annotator "TA"]
[PlyCount "76"]
[EventDate "2022.07.01"]
[EventType "tourn"]
[EventCountry "CZE"]
[SourceTitle "playchess.com"]
[Source "ChessBase"]
[SourceQuality "1"]
[TimeControl "40/5400+30:1800+30"]

1. e4 e5 2. Nf3 Nc6 3. Bb5 Nf6 4. O-O Nxe4 5. d4 Nd6 6. Ba4 {[%emt 0:01:26] C67: Ruy Lopez: Berlin Defence: 4 0-0 Nxe4.} (6. Bxc6 $14 bxc6 7. dxe5) 6... e4 7. Ne5 Be7 8. Nc3 {[%emt 0:12:28] Black has an edge.} O-O 9. Re1 Nf5 10. Rxe4 Nxe5 (10... Nfxd4 $5 11. Nxc6 Nxc6 $14) 11. dxe5 c6 12. Bf4 d5 13. exd6 $1 Bxd6 14. Bb3 {[%emt 0:00:39] [#]} Bxf4 $146 ({Predecessor:} 14... Qf6 15. Qd2 Bxf4 16. Qxf4 Be6 17. g4 Qg6 18. Rae1 Bxb3 19. axb3 Nd6 20. Re7 Rad8 {0-1 (44) Mamedyarov,S (2770)-Van Foreest,J (2701) Tornelo INT 2021}) 15. Rxf4 Be6 16. Bxe6 fxe6 17. Qe1 Nd4 18. Rxf8+ (18. Rg4 {is interesting.} h5 19. Rg3 Qf6 20. Ne4) 18... Qxf8 19. Rd1 Rd8 20. Qe4 Qf6 21. Rd3 e5 22. Qg4 Rf8 23. Nd1 Qf5 (23... b5 {feels hotter.} 24. c3 Qf4 25. Qxf4 Ne2+) 24. Qxf5 Nxf5 $14 {[%emt 0:00:13][%mdl 4096] Endgame KRN-KRN} 25. f3 Nd4 26. Ne3 h5 27. c3 Ne2+ 28. Kf2 e4 29. Rd7 exf3 30. gxf3 Nf4 31. Rxb7 Nh3+ 32. Kg2 Ng5 33. Nc4 ({Better is} 33. Rxa7 $16 {And now a4 would win.} Nxf3 34. h3) 33... Nxf3 $11 {[%emt 0:00:14] The position is equal.} 34. Rxa7 Ne1+ 35. Kg1 Nf3+ 36. Kg2 Ne1+ 37. Kg1 Nf3+ 38. Kg2 Ne1+ {[%emt 0:00:08] Weighted Error Value: White=0.12 (very precise) /Black=0.04 (flawless)} 1/2-1/2

[Event "Ceske Budejovice GM 2022"]
[Site "Ceske Budejovice"]
[Date "2022.07.03"]
[Round "3.3"]
[White "Morgunov, Marc"]
[Black "Stefansson, Hannes"]
[Result "1-0"]
[ECO "C70"]
[WhiteElo "2376"]
[BlackElo "2541"]
[Annotator "TA"]
[PlyCount "71"]
[EventDate "2022.07.01"]
[EventType "tourn"]
[EventCountry "CZE"]
[SourceTitle "playchess.com"]
[Source "ChessBase"]
[SourceQuality "1"]
[TimeControl "40/5400+30:1800+30"]

1. e4 e5 2. Nf3 Nc6 3. Bb5 a6 4. Ba4 Nge7 5. O-O Ng6 6. c3 d6 7. d4 Bd7 8. Re1 Be7 9. Nbd2 O-O 10. Nf1 b5 {[%emt 0:01:02] is recently more successful than 10...Nh4.} 11. Bb3 {[%emt 0:03:10] C75: Ruy Lopez: Deferred Steinitz: 5 c3 Bd7 6 d4 without ...g6.} exd4 12. cxd4 Na5 (12... Bg4 {with more complications.} 13. Bd5 Bxf3 14. gxf3 Qd7) 13. Bc2 {[%emt 0:01:19] The position is equal.} c5 14. Ne3 Re8 {[%emt 0:05:06] [#]} 15. Nd5 $146 ({Predecessor:} 15. Bd2 Nc6 16. d5 Nd4 17. Nxd4 cxd4 18. Nf5 Bxf5 19. exf5 Ne5 20. Be4 Bf6 21. b3 {0-1 (44) Maghsoodloo,P (2701)-Demchenko,A (2654) Chess.com INT 2022}) 15... Bg4 16. dxc5 dxc5 17. h3 Be6 18. Nxe7+ Rxe7 ({Better is} 18... Qxe7 $11 19. Ng5 h6 20. Nxe6 Qxe6) 19. Ng5 Qxd1 (19... Nc6 {keeps more tension.} 20. Be3 Nd4 21. f4 Bc4) 20. Rxd1 Bd7 21. f4 Bc6 22. e5 f6 23. Ne4 fxe5 24. f5 Nf4 25. Re1 {[%emt 0:03:56] Inhibits Ne2+.} Rc7 (25... Rd8 $15) 26. g3 Nd5 (26... Nxh3+ $2 27. Kg2 $18) 27. Nxc5 Be8 {[%emt 0:01:13] [#]} (27... Rac8 $11 28. Ne6 (28. Rxe5 Ba8 $17) (28. Nxa6 Ra7 $15) 28... Rd7) 28. Be4 $1 $16 {[%emt 0:06:24] White is more active.} Rxc5 29. b4 $1 Nxb4 30. Bxa8 {[%emt 0:00:15] Black must now prevent Ba3. A strong pair of Bishops.} Nc2 {[%emt 0:03:23] Against Ba3} 31. Be3 Rc3 {[%emt 0:00:46] [#]} (31... Rc8 $16 32. Rac1 Rxa8 33. Rxc2 Nc4) 32. Bd2 $1 $18 ({And not} 32. Bd5+ Bf7 33. Bd2 Rxg3+ 34. Kh2 {[#]} Bxd5 $1 $11) 32... Rxg3+ 33. Kh2 Ra3 (33... Rd3 34. Bxa5 Nxa1) 34. Rac1 {[%emt 0:04:40] White is clearly winning.} Bc6 35. Rxc2 Bxa8 36. Bb4 {[%emt 0:00:26] Weighted Error Value: White=0.07 (flawless) /Black=0.42} 1-0

[Event "Ceske Budejovice GM 2022"]
[Site "Ceske Budejovice"]
[Date "2022.07.03"]
[Round "3.4"]
[White "Vykouk, Jan"]
[Black "Malinovsky, Karel"]
[Result "1/2-1/2"]
[ECO "C55"]
[WhiteElo "2476"]
[BlackElo "2463"]
[Annotator "RC"]
[PlyCount "95"]
[EventDate "2022.07.01"]
[EventType "tourn"]
[EventCountry "CZE"]
[SourceTitle "playchess.com"]
[Source "ChessBase"]
[SourceQuality "1"]
[TimeControl "40/5400+30:1800+30"]

1. e4 e5 2. Nf3 Nc6 3. Bc4 Nf6 4. d3 Be7 5. O-O O-O 6. Nc3 d6 7. a4 Na5 8. Ba2 c5 9. Bg5 Nc6 10. Bxf6 Bxf6 11. Nd5 g6 12. c3 Bg7 13. h3 Be6 14. Qd2 Ne7 15. Nxe7+ Qxe7 16. b4 cxb4 17. cxb4 Rfd8 18. Bxe6 Qxe6 19. Rfc1 d5 20. Qe3 Qe7 21. Rab1 h5 22. Qc5 Qxc5 23. Rxc5 dxe4 24. dxe4 Rac8 25. Rbc1 Rxc5 26. Rxc5 Bf8 27. Rb5 b6 28. g4 hxg4 29. hxg4 Rd1+ 30. Kg2 Bd6 31. a5 Bc7 32. axb6 axb6 33. Nxe5 Rd4 34. Kf3 Bxe5 35. Rxe5 Rxb4 36. Re8+ Kg7 37. g5 f5 38. gxf6+ Kxf6 39. Kf4 Rb2 40. f3 g5+ 41. Kg4 Rg2+ 42. Kh3 Rb2 43. Rf8+ Kg6 44. Rd8 b5 45. Rd6+ Kh5 46. Kg3 b4 47. Rb6 b3 48. f4 1/2-1/2

[Event "Ceske Budejovice GM 2022"]
[Site "Ceske Budejovice"]
[Date "2022.07.03"]
[Round "3.5"]
[White "Hollan, Martin"]
[Black "Donchenko, Alexander"]
[Result "0-1"]
[ECO "B18"]
[WhiteElo "2399"]
[BlackElo "2640"]
[Annotator "TA"]
[PlyCount "82"]
[EventDate "2022.07.01"]
[EventType "tourn"]
[EventCountry "CZE"]
[SourceTitle "playchess.com"]
[Source "ChessBase"]
[SourceQuality "1"]
[TimeControl "40/5400+30:1800+30"]

1. e4 c6 2. d4 d5 3. Nd2 dxe4 4. Nxe4 Bf5 5. Ng3 Bg6 6. Nh3 Nf6 7. c3 Nbd7 8. Nf4 Qc7 9. Nxg6 hxg6 10. Bc4 e6 11. Qf3 Bd6 12. Be3 {[%emt 0:04:48] B18: Classical Caro-Kann: 4...Bf5 sidelines.} Nb6 13. Bb3 Nbd5 {[%emt 0:11:07] [#]} 14. Bg5 $146 {[%emt 0:16:25] The position is equal.} ({Predecessor:} 14. O-O-O a5 15. Kd2 a4 16. Bc2 b5 17. h3 Nxe3 18. Qxe3 Bf4 {0-1 (18) Rabenjamina,D-Frelicot,E (1823) Antananarivo 2015}) 14... Bf4 15. Bxf6 gxf6 16. Ne2 {[%emt 0:04:13] [#] Bxd5 is the strong threat.} Bg5 17. g3 f5 18. Bxd5 cxd5 19. h4 Bh6 20. h5 g5 21. Qd3 g4 22. Qb5+ Ke7 {[%emt 0:04:22] White is on the road to losing.} 23. b3 Rh7 {[%emt 0:05:57] Black is more active.} 24. c4 Qc6 25. Qb4+ Kf6 26. c5 (26. Qc3 $17 {is a better defense.}) 26... b6 $19 27. cxb6 (27. Qc3 $142) 27... axb6 ({Not} 27... Qxb6 28. Qxb6 axb6 29. a4 $17) 28. Qc3 (28. Kf1 $142) 28... Rc8 29. Qxc6 Rxc6 30. Nf4 Rc2 31. O-O (31. Nd3 {was worth a try.}) 31... Bxf4 32. gxf4 Rxh5 {[%emt 0:00:07][%mdl 4096] Endgame KRR-KRR} 33. Rfc1 Rb2 34. Rc6 (34. Rcb1 $142 Rxb1+ 35. Rxb1) 34... Rh3 35. Rxb6 Rf3 36. a4 Rxf4 37. a5 Rfxf2 {[%emt 0:00:18] Black mates.} 38. a6 f4 39. a7 Rg2+ 40. Kf1 Rh2 41. a8=Q Rh1# {[%emt 0:30:05] Weighted Error Value: White=0.43/Black=0.05 (flawless)} 0-1

[Event "Ceske Budejovice GM 2022"]
[Site "Ceske Budejovice"]
[Date "2022.07.04"]
[Round "4.1"]
[White "Sahidi, Samir"]
[Black "Donchenko, Alexander"]
[Result "1-0"]
[ECO "D38"]
[WhiteElo "2462"]
[BlackElo "2640"]
[Annotator "TA"]
[PlyCount "85"]
[EventDate "2022.07.01"]
[EventType "tourn"]
[EventCountry "CZE"]
[SourceTitle "playchess.com"]
[Source "ChessBase"]
[SourceQuality "1"]
[TimeControl "40/5400+30:1800+30"]

1. d4 Nf6 2. Nf3 d5 3. c4 e6 4. Nc3 Bb4 5. e3 O-O 6. Qc2 c5 {[%emt 0:05:19] 6...c5 is better than 6...b6.} 7. a3 Bxc3+ {[%emt 0:02:00] E38: Nimzo-Indian: Classical: 4...c5.} 8. Qxc3 cxd4 9. Nxd4 Ne4 {[%emt 0:06:51] Black has an edge.} (9... e5 $5 10. Nf3 Re8 $11) 10. Qc2 e5 11. Nf3 (11. cxd5 $5 Nxf2 12. Qxf2 exd4 13. Bc4 $14) 11... Bf5 12. Bd3 Nd7 {[%emt 0:00:35] [#] Strongly threatening ...Ndc5.} 13. b4 $146 {[%emt 0:01:46] Prevents Ndc5.} ({Predecessor:} 13. cxd5 Rc8 14. Qe2 Ndc5 15. Bxe4 Bxe4 16. O-O Bd3 17. Qd1 Bxf1 18. Kxf1 e4 19. Ne1 Qd6 20. b4 Qa6+ 21. Qe2 Nd3 22. Nxd3 exd3 23. Qd2 Rc2 {0-1 (23) Nechaeva,M (2424)-Gunina,V (2510) Riadh 2017}) 13... Rc8 14. Bb2 Bg6 15. O-O ({Reject} 15. Nxe5 Nxe5 16. Bxe5 Re8 $17) 15... Qe7 16. Rac1 Nd6 {[%emt 0:02:22] White must now prevent ...Rxc4.} 17. Bxg6 hxg6 18. c5 Nc4 19. Rfd1 Nf6 20. Nd2 Nxb2 21. Qxb2 Rc7 22. Nf3 Re8 23. h3 Qe6 24. Rc2 Qf5 25. b5 g5 26. c6 g4 27. hxg4 Qxg4 28. Rdc1 e4 (28... Qf5 $11 {remains equal.}) 29. Nh2 $1 $16 Qh5 30. Qd4 bxc6 31. Rxc6 Rce7 (31... Rb7 $14) 32. Nf1 $1 Ng4 {[%emt 0:00:38] [#]} 33. Rc8 (33. Ng3 $1 $16 Qg5 34. a4) 33... Rxc8 ({Black should try} 33... Qf5 $1 $14 34. R8c2 Qe5) 34. Rxc8+ Kh7 35. Ng3 {[%emt 0:01:06] Really sharp!} Qg5 36. a4 {[%emt 0:01:38] White is more active.} Re6 {[%emt 0:00:24] [#]} (36... Rd7 $142) 37. Rc6 $1 Re5 $2 {[%emt 0:02:01][%mdl 8192] A mistake that costs the game.} (37... Re7 $16) 38. Qxa7 $18 {[%emt 0:01:30] White is clearly winning.} d4 39. Qxd4 Qh4 40. Rc5 Qf6 41. Nxe4 Qh4 42. Rxe5 {[%emt 0:00:00] White wants to mate with Ng5+.} Qh2+ 43. Kf1 {[%emt 0:00:00] Weighted Error Value: White=0.05 (flawless) /Black=0.41} 1-0

[Event "Ceske Budejovice GM 2022"]
[Site "Ceske Budejovice"]
[Date "2022.07.04"]
[Round "4.2"]
[White "Malinovsky, Karel"]
[Black "Hollan, Martin"]
[Result "1-0"]
[ECO "C60"]
[WhiteElo "2463"]
[BlackElo "2399"]
[Annotator "TA"]
[PlyCount "81"]
[EventDate "2022.07.01"]
[EventType "tourn"]
[EventCountry "CZE"]
[SourceTitle "playchess.com"]
[Source "ChessBase"]
[SourceQuality "1"]
[TimeControl "40/5400+30:1800+30"]

1. e4 e5 2. Nf3 Nc6 3. Bb5 Nge7 4. Nc3 Ng6 5. d4 exd4 6. Nxd4 {[%emt 0:00:16] C60: Ruy Lopez: Unusual Black 3rd moves and 3...g6.} Nxd4 {[%emt 0:00:13] is more profitable than 6...Bc5 at the moment.} 7. Qxd4 c6 8. Be2 {[%emt 0:02:36] The position is equal.} Qb6 9. Qd3 Be7 10. O-O O-O 11. a4 d6 12. a5 Qd8 {[%emt 0:00:20] [#]} 13. Be3 $146 ({Predecessor:} 13. f4 f5 14. Bf3 Be6 15. Be3 Qd7 16. g3 Bf6 17. Rad1 Rad8 18. Bxa7 Bxc3 19. Qxc3 fxe4 20. Bxe4 {1-0 (44) Vokhidov,S (2530)-Kuybokarov,T (2549) Chess.com INT 2021}) 13... Kh8 14. Bh5 f5 15. Bxg6 hxg6 16. Qd2 fxe4 17. Nxe4 d5 18. Bc5 Bxc5 19. Nxc5 Qf6 20. Qb4 {[%emt 0:07:13] White is more active.} ({White should play} 20. c3 $14) 20... Rb8 $11 21. Na6 c5 (21... Ra8 $11 22. Nc5 Rb8) 22. Nxc5 $16 b6 23. Nd3 Bf5 24. Qd2 Rbc8 ({Black should try} 24... bxa5 25. Rxa5 Qd4) 25. axb6 axb6 26. Ra4 Rc4 27. b3 (27. Rfa1 $16) 27... Rxa4 $14 28. bxa4 Qc6 (28... Ra8 $14) 29. Nb4 Qxa4 30. c3 Rc8 31. h3 (31. Qxd5 $6 Rxc3 32. Qd4 Rd3 33. Qh4+ (33. Qxb6 Rd1 $11) 33... Kg8 $11) 31... Qb3 32. Rc1 ({Reject} 32. Nxd5 Rd8 33. c4 (33. Rd1 $2 Be6 $19) 33... Qxc4 $11) 32... Be6 33. Re1 Bf7 34. Re3 $36 {[%emt 0:00:39][%mdl 2048] White has strong initiative.} Qb1+ {[%emt 0:00:20] [#]} 35. Kh2 $1 {[%emt 0:00:16] aiming for Rf3.} Qf5 36. Nd3 d4 (36... Qf6 $16) 37. cxd4 $18 Bd5 (37... Kg8 {might work better.} 38. Rf3 Qe6) 38. Re5 Qf7 39. Nf4 Bb3 (39... Rd8 {keeps fighting.} 40. Kg3 (40. Rxd5 Rxd5 41. Nxd5 Qxd5 $16) 40... Ba2) 40. Qe3 {[%emt 0:00:31] [#] And now d5 would win.} Bc2 (40... Rf8 $142) 41. Ne6 {[%emt 0:07:38] Weighted Error Value: White=0.15 (very precise) /Black=0.26 (precise)} 1-0

[Event "Ceske Budejovice GM 2022"]
[Site "Ceske Budejovice"]
[Date "2022.07.04"]
[Round "4.3"]
[White "Stefansson, Hannes"]
[Black "Vykouk, Jan"]
[Result "0-1"]
[ECO "E91"]
[WhiteElo "2541"]
[BlackElo "2476"]
[Annotator "TA"]
[PlyCount "150"]
[EventDate "2022.07.01"]
[EventType "tourn"]
[EventCountry "CZE"]
[SourceTitle "playchess.com"]
[Source "ChessBase"]
[SourceQuality "1"]
[TimeControl "40/5400+30:1800+30"]

1. d4 Nf6 2. c4 g6 3. Nc3 Bg7 4. e4 d6 5. Nf3 O-O 6. Be2 Nbd7 7. O-O e5 8. Qc2 Re8 9. d5 a5 10. Bg5 Nc5 11. Nd2 {[%emt 0:01:34] [#]} Bf8 $146 {[%emt 0:07:26] E94: King's Indian: Classical: 6 Be2 e5 7 0-0: Various Black 7th moves.} ({Predecessor:} 11... Bd7 12. b3 c6 13. a3 cxd5 14. cxd5 Qc8 15. Qb2 Qb8 16. b4 Na6 17. bxa5 Nc5 18. Be3 Rc8 19. Nc4 Ra7 20. Rfc1 Nfxe4 21. Nxe4 Nxe4 22. Nb6 Rd8 23. Nxd7 Rxd7 24. Bxa7 Qxa7 25. Rc8+ Bf8 26. Qb6 {1-0 (26) Anton Guijarro,D (2550)-Stegariu,V (2223) Maribor 2012}) 12. b3 Be7 13. Be3 $1 Ng4 {[%emt 0:02:36] White is slightly better.} 14. Bxg4 Bxg4 15. a3 (15. Bxc5 $5 dxc5 16. h3 $11) 15... Bg5 16. b4 (16. Bxc5 $14 dxc5 17. h3) 16... Bxe3 $11 17. fxe3 axb4 18. axb4 {[%emt 0:00:06] Strongly threatening Rxa8.} Rxa1 19. Rxa1 Na6 20. Qb2 Qg5 21. Nf1 f5 (21... Rf8 $11) 22. exf5 (22. c5 $5 ) 22... gxf5 (22... Bxf5 $5 23. e4 Bc8 $11) 23. c5 f4 24. c6 Bc8 25. Nd2 f3 26. Nde4 Qxe3+ 27. Qf2 (27. Kh1 Rf8 28. cxb7 Bxb7 29. gxf3 Kh8 $17) 27... Qxf2+ 28. Kxf2 Rf8 29. b5 (29. Ra4 $1 $16) 29... fxg2+ 30. Kxg2 Nb4 $1 31. Ra7 bxc6 32. bxc6 Bf5 33. Nd2 (33. Rxc7 $11 {keeps the balance.} Nxd5 34. Rb7) 33... Rf7 $17 34. Kg3 Bd3 $1 35. Rb7 Nc2 36. Nde4 Nd4 37. Ng5 Re7 ({Black should play} 37... Rf5 38. h4 h6) 38. Kf2 h6 39. Ke3 Bc4 ({Reject} 39... hxg5 $6 40. Kxd3 Rh7 41. Ne4 Rh3+ 42. Kc4 $11) (39... Ba6 $17 40. Ra7 Bf1) 40. Nge4 (40. Nf3 $15) 40... Rf7 41. Kd2 Nf5 (41... Ba6 $1 $17 42. Ra7 Bf1) 42. Rb4 $15 Bf1 43. Nb5 Bxb5 (43... Kh7 {seems wilder.} 44. Nxc7 Rxc7 45. Rb7 Rg7) 44. Rxb5 $11 {[%emt 0:00:00][%mdl 4096] Endgame KRN-KRN} Ne7 45. Nc3 Rf2+ 46. Kd1 Nf5 47. Rb8+ Kg7 {[%emt 0:00:00] Threatens to win with ...Ne3+.} 48. Rb7 (48. Ke1 $5 Rxh2 49. Rc8 $15) 48... Ne3+ 49. Ke1 Rc2 50. Rxc7+ Kg6 51. Nb5 Nxd5 52. Rd7 Rxc6 53. Nxd6 (53. Rxd6+ $17 Rxd6 54. Nxd6) 53... Nf6 $19 54. Rd8 Rc2 55. Ne8 Ne4 {[%emt 0:00:00] Against Rd6+} (55... Nxe8 $1 $19 {is more deadly.} 56. Rxe8 Kf5) 56. Nd6 $17 Ng5 {[%emt 0:00:48] Black is more active.} 57. Rg8+ Kf6 58. h4 Nf3+ 59. Kf1 Nxh4 60. Rh8 Kg7 61. Re8 Ng6 62. Nf5+ Kf7 63. Ra8 h5 64. Ra6 Nf4 65. Rh6 {[%emt 0:00:32] [#]} (65. Nh6+ $142 Ke8 66. Nf5) 65... Rh2 (65... Rc3 $142 $1 {[%cal Rc3f3] aiming for ...Rf3+.} 66. Kf2 e4 67. Nd6+ Kg7 68. Nf5+ Kg8) 66. Nd6+ Ke7 67. Nf5+ Kd7 68. Rd6+ Kc7 69. Ra6 ({Better is} 69. Rh6 $15) 69... h4 70. Rh6 h3 71. Ne3 Ra2 {[%emt 0:01:35] ...h2 is the strong threat.} 72. Ng4 $2 {[%emt 0:00:53][%mdl 8192] [#] Against h2} (72. Kg1 $17) 72... e4 $1 $19 {[%emt 0:03:14][%cal Be5e4,Be4e3][%mdl 32] Black is clearly winning.} 73. Rf6 Nh5 (73... Ra1+ $142 74. Kf2 e3+ 75. Nxe3 h2 76. Rf7+ Kd6) 74. Rh6 Ng3+ 75. Ke1 e3 $1 {[%emt 0:01:21] Weighted Error Value: White=0.19 (very precise) /Black=0.13 (very precise)} ({Weaker is} 75... Re2+ 76. Kd1 $15) 0-1